 Dungeon Crawl Stone Soup version 0.21.1-1-g345015f (webtiles) character file.

25 Kairos the Charmwright (level 2, -2/22 HPs)
             Began as a Demonspawn Skald on Mar 25, 2018.
             Slain by an orc
             ... wielding a +0 trident
              (7 damage)
             ... on level 1 of the Dungeon.
             The game lasted 00:01:20 (1065 turns).

Kairos the Charmwright (Demonspawn Skald)           Turns: 1065, Time: 00:01:20

Health: -2/22      AC:  5    Str: 11    XL:     2   Next: 82%
Magic:  5/5        EV: 12    Int: 14    God:
Gold:   73         SH:  0    Dex: 12    Spells: 4/5 levels left

rFire    . . .     SeeInvis .   a - +0 mace
rCold    . . .     Gourm    .   (no shield)
rNeg     . . .     Faith    .   b - +0 leather armour
rPois    .         Spirit   .   i - +0 helmet
rElec    .         Reflect  .   (no cloak)
rCorr    .         Harm     .   (no gloves)
MR       .....                  (no boots)
Stlth    +.........             (no amulet)
HPRegen  0.07/turn              (no ring)
MPRegen  0.09/turn              (no ring)

@: no status effects
A: rugged brown scales 1
a: no special abilities


You were on level 1 of the Dungeon.
You were hungry.

You visited 1 branch of the dungeon, and saw 2 of its levels.

You collected 73 gold pieces.

Inventory:

Hand Weapons
 a - a +0 mace (weapon)
Armour
 b - a +0 leather armour (worn)
 i - a +0 helmet (worn)
Scrolls
 e - 2 scrolls of random uselessness {unknown}
 f - a scroll of identify {unknown}
 h - a scroll of magic mapping {unknown}
 j - a scroll of blinking {unknown}
Potions
 g - 3 potions of lignification {unknown}
Books
 c - a book of Battle

   Spells                             Type                      Level
   a - Infusion                       Charms                       1
   b - Shroud of Golubria             Charms/Translocation         2
   c - Song of Slaying                Charms                       2
   d - Spectral Weapon                Hexes/Charms                 3
   e - Regeneration                   Charms/Necromancy            3
Comestibles
 d - 5 rations


   Skills:
 + Level 2.1 Fighting
 + Level 2.0 Maces & Flails
 + Level 1.0 Armour
 + Level 2.2 Dodging
 + Level 2.2 Spellcasting
 + Level 3.0 Charms


You had 4 spell levels left.
You knew the following spells:

 Your Spells              Type           Power        Failure   Level  Hunger
a - Infusion              Chrm           ##..         9%          1    #......


Dungeon Overview and Level Annotations

Branches:
Dungeon (2/15)

Altars:


Innate Abilities, Weirdness & Mutations

You are partially covered in rugged brown scales. (AC +1, +3% HP)


Message History

The orc barely misses you.
The orc wizard hits you but does no damage.
The orc wizard barely misses you.
You closely miss the orc wizard. The orc hits you but does no damage.
The orc completely misses you.
The orc wizard mumbles some strange words.
The orc wizard seems to speed up.
You hit the orc wizard.
The orc wizard is moderately wounded.
The orc barely misses you. The orc closely misses you.
You hit the orc.
The orc is lightly wounded.
The orc wizard hits you with a dagger.
* * * LOW HITPOINT WARNING * * *
The orc closely misses you. The orc hits you but does no damage.
The orc closely misses you.
The orc wizard hits you but does no damage.
The orc barely misses you.
The orc hits you from afar with a trident!
You die...

.....#..#..##...##.#.####.#
.##..#..#..##...##.#.## #.#
.....#..#.............# #.#
...........##...##.#..# #.#
.##..#.............#..###.#
...........(....>.........#
.##..#..#..##..oo#........#
.##..#..#..##..oo#.#..##..#
...............o@.........#
.#...#..#..#.#...#.#..##..#
.#...#................##..#
..........................#
..#.....##.#.#...#.#####..#
..........................#
..#.##...................##
................##.#####.#
..##.#...#.#.#..##.#####.#


You could see an orc wizard and 4 orcs.

Vanquished Creatures
  An ooze (D:1)
  3 ball pythons (D:1)
  2 goblins (D:1)
  2 hobgoblins (D:1)
  2 jackals (D:1)
  3 bats (D:1)
  A frilled lizard (D:1)
  A kobold (D:1)
  5 rats
20 creatures vanquished.

Notes
Turn   | Place    | Note
-------+----------+-------------------------------------------
     0 | D:1      | Kairos the Demonspawn Skald began the quest for the Orb.
     0 | D:1      | Reached XP level 1. HP: 16/16 MP: 3/3
   137 | D:1      | Gained mutation: You are partially covered in rugged brown scales. (AC +1, +3% HP) [demonic ancestry]
   137 | D:1      | Reached XP level 2. HP: 11/22 MP: 5/5
   529 | D:1      | Reached skill level 1 in Armour
   706 | D:1      | Reached skill level 3 in Charms
  1065 | D:1      | Slain by an orc

Skill      XL: |  1  2 |
---------------+-------+-----
Dodging        | 2 |  2.2
Armour         | 1 |  1.0
Charms         | 3 |  3.0
Maces & Flails | 2 |  2.0
Fighting       | |  2.1
Spellcasting   | |  2.2

Action                   || total
-------------------------++-------
Melee: Mace              ||    64
Armor: Leather armour    ||    25
Dodge: Dodged            ||    71
